Map: Nightshade LE

Players

antagomiR - Winner!

  • Race: Zerg Zerg
  • League: Gold
  • Spawn Location: 5:00

VOD

Have the link to the VOD?

Description

Time

  • Played on: April 11, 2020, 1:22 a.m.
  • Length: 19:31
Show
View Real Time Build Order
Export as new Build Order

antagomiR Zerg - Winner!

Build Orders:  

Get SALT Encoding   

  12  0:11  Overlord  
  12  0:38  Spawning Pool  
  11  0:46  Drone  
  11  0:49  Drone  
  13  1:58  Hatchery  
  12  2:08  Zergling x6  
  14  3:02  Extractor  
  14  3:03  Drone  
  14  3:12  Overlord  
  14  3:17  Hatchery  
  13  3:45  Drone  
  13  3:46  Drone  
  15  4:14  Extractor  
  15  4:15  Drone  
  15  4:16  Drone  
  16  4:26  Drone  
  16  4:27  Drone x2  
  19  5:16  Drone  
  19  5:17  Drone x4  
  19  5:18  Drone x3  
  27  5:23  Lair  
  27  5:44  Zergling x6  
  30  6:25  Hydralisk Den  
  30  6:28  Drone x2  
  31  6:30  Drone x3  
  31  6:31  Overlord  
  31  6:33  Overlord  
  31  6:37  Drone x2  
  36  7:01  Drone  
  36  7:02  Drone x4  
  41  7:20  Drone x2  
  41  7:21  Drone x2  
  45  7:40  Hydralisk  
  45  7:41  Hydralisk x2  
  51  7:53  Overlord x2  
  51  7:59  Hydralisk  
  53  8:13  Drone x2  
  53  8:14  Drone  
  56  8:24  Extractor  
  56  8:28  Hydralisk x3  
  61  8:36  Drone  
  61  8:37  Overlord  
  61  8:38  Overlord  
  62  8:50  Drone x3  
  65  9:10  Hydralisk x3  
  65  9:19  Hydralisk x2  
  70  9:52  Hydralisk x4  
  78  10:06  Hatchery  
  77  10:13  Hydralisk  
  77  10:14  Hydralisk  
  81  10:43  Hydralisk  
  83  10:50  Overlord x2  
  83  11:14  Overlord  
  83  11:15  Overlord  
  83  11:16  Overlord  
  83  11:17  Hydralisk x2  
  87  11:23  Hatchery  
  86  11:42  Hydralisk x3  
  92  11:51  Drone x2  
  92  11:52  Drone  
  95  12:05  Hydralisk x2  
  95  12:06  Hydralisk  
  101  12:28  Drone  
  101  12:29  Hatchery, Drone x2  
  103  12:41  Extractor  
  103  12:42  Drone x3  
  105  12:56  Overlord  
  105  12:58  Hydralisk x2  
  109  13:12  Unknown  
  109  13:30  Drone x3  
  109  13:31  Drone x4  
  109  13:32  Drone  
  117  13:42  Extractor  
  116  13:57  Hydralisk x3  
  116  13:58  Hydralisk x5  
  132  14:07  Hydralisk  
  132  14:08  Hydralisk x3  
  140  14:26  Overlord x2  
  140  14:27  Hydralisk  
  140  14:28  Hydralisk  
  144  14:36  Hydralisk x2  
  144  14:37  Hydralisk  
  150  14:42  Overlord  
  150  14:52  Unknown  
  150  15:06  Hydralisk x5  
  150  15:07  Hydralisk  
  166  15:18  Unknown  
  162  15:36  Hydralisk x4  
  168  15:47  Overlord x2  
  164  16:24  Unknown  
  164  16:28  Hydralisk x3  
  164  16:29  Hydralisk x4  
  164  16:30  Hydralisk x2  
  164  16:34  Unknown  
  168  16:46  Hydralisk  
  168  16:47  Hydralisk x2  
  166  17:43  Hydralisk x4  
  166  17:44  Hydralisk x4  
  178  18:34  Hydralisk x2  
  178  18:38  Overlord x3  
  182  18:46  Unknown  
  180  19:00  Unknown  
Tags
 
League
Gold
Matchup
Co-op
Replay Pack
20200422
Add a new tag
Caveats
  • Supply blocks, unpowered buildings, or Contaminate may cause inaccurate times.
  • Supply counts are checked every 10 seconds.